3AA
ASHEVILLE HIGHLANDERS @ SALEM MISFITS
06/04/2034
 
TOP OF THE 1ST
Asheville Highlanders batting - Pitching for Salem Misfits : RHP Dusty Fox
Pitching: RHP Dusty Fox
Batting: RHB Javier Cordero 0-0: Ball
1-0: Fly out, F9 (Flyball, 89D)
Batting: LHB Edgar Castaneda 0-0: Ball
1-0: Ball
2-0: Called Strike
2-1: Foul Ball, location: 2F
2-2: Ball
3-2: Ground out U3 (Groundball, 3L)
Batting: RHB Yoshihiro Iwasaki 0-0: Ball
1-0: Fly out, F8 (Flyball, 8LD)
Top of the 1st over - 0 runs, 0 hits, 0 errors, 0 left on base; Asheville 0 - Salem 0
BOTTOM OF THE 1ST
Salem Misfits batting - Pitching for Asheville Highlanders : RHP Jacob Petithomme
Pitching: RHP Jacob Petithomme
Batting: SHB Soren Loen 0-0: SINGLE (Line Drive, 4M)
Batting: RHB Mariano Saelices 0-0: Ball
1-0: Ball
2-0: Called Strike
2-1: Foul Ball, location: 2F
2-2: Ball
3-2: Foul Ball, location: 2F
3-2: Foul Ball, location: 2F
3-2: Fly out, F6 (Popup, 6MS)
Batting: LHB Gary Malone 0-0: Ball
1-0: Ball
2-0: Ball
3-0: SINGLE (Groundball, 6MD)
Soren Loen to second
Batting: LHB Bill Gracián 0-0: SINGLE (Groundball, 6MD)
Soren Loen to third
Gary Malone to second
Batting: RHB Charles Basle 0-0: Fly out, F7 (Flyball, 7)
Runner from 3rd tags up, SCORES, no throw
Batting: RHB Jean Couturier 0-0: Called Strike
0-1: Fielders Choice at 2nd, 5-4 (Groundball, 56)
Bottom of the 1st over - 1 run, 3 hits, 0 errors, 2 left on base; Asheville 0 - Salem 1
TOP OF THE 2ND
Asheville Highlanders batting - Pitching for Salem Misfits : RHP Dusty Fox
Batting: LHB DeMarvion Overshown 0-0: Called Strike
0-1: Ball
1-1: Foul Ball, location: 2F
1-2: Ball
2-2: Ball
3-2: Ground out 1-3 (Groundball, P)
Batting: RHB Tae-gyoon Ch'oe 0-0: Ball
1-0: Foul Ball, location: 2F
1-1: SINGLE (Groundball, 56D)
Batting: SHB Jeff Lowe 0-0: Grounds into double play, 6-4-3 (Groundball, 6)
Top of the 2nd over - 0 runs, 1 hit, 0 errors, 0 left on base; Asheville 0 - Salem 1
BOTTOM OF THE 2ND
Salem Misfits batting - Pitching for Asheville Highlanders : RHP Jacob Petithomme
Batting: RHB Nelson Rivera 0-0: Swinging Strike
0-1: Ball
1-1: Swinging Strike
1-2: Strikes out looking
Batting: RHB Damon Newbold 0-0: Ball
1-0: Ground out 5-3 (Groundball, 56)
Batting: RHB Atanza Vongor 0-0: Ball
1-0: Fly out, F8 (Flyball, 8LD)
Bottom of the 2nd over - 0 runs, 0 hits, 0 errors, 0 left on base; Asheville 0 - Salem 1
TOP OF THE 3RD
Asheville Highlanders batting - Pitching for Salem Misfits : RHP Dusty Fox
Batting: RHB Jason Alston 0-0: Called Strike
0-1: Ball
1-1: Fly out, F7 (Line Drive, 7)
Batting: LHB Luis Serrano 0-0: Ball
1-0: Ball
2-0: Ground out U3 (Groundball, 3)
Batting: RHB Harley Whitfield 0-0: Called Strike
0-1: Ball
1-1: SINGLE (Flyball, 9LS)
Batting: RHB Javier Cordero 0-0: Ball
1-0: Fly out, F9 (Flyball, 9D)
Top of the 3rd over - 0 runs, 1 hit, 0 errors, 1 left on base; Asheville 0 - Salem 1
BOTTOM OF THE 3RD
Salem Misfits batting - Pitching for Asheville Highlanders : RHP Jacob Petithomme
Batting: SHB Soren Loen 0-0: Ball
1-0: Ball
2-0: Ground out 3-1 (Groundball, 34S)
Batting: RHB Mariano Saelices 0-0: Foul Ball, location: 2F
0-1: SOLO HOME RUN (Flyball, 7LD), Distance : 345 ft
Batting: LHB Gary Malone 0-0: Ball
1-0: Ball
2-0: SINGLE (Flyball, 8LS)
Batting: LHB Bill Gracián 0-0: Called Strike
0-1: Swinging Strike
0-2: Ball
1-2: SINGLE (Groundball, 3D)
Gary Malone to second
Runner from 2nd tries for 3rd, SAFE, no throw
Batting: RHB Charles Basle 0-0: Called Strike
0-1: Swinging Strike
0-2: Ball
1-2: Foul Ball, location: 2F
1-2: Strikes out looking
Batting: RHB Jean Couturier 0-0: Fly out, F9 (Flyball, 9LSF)
Bottom of the 3rd over - 1 run, 3 hits, 0 errors, 2 left on base; Asheville 0 - Salem 2
TOP OF THE 4TH
Asheville Highlanders batting - Pitching for Salem Misfits : RHP Dusty Fox
Batting: LHB Edgar Castaneda 0-0: Called Strike
0-1: Ball
1-1: Ground out 3-1 (Groundball, 34S)
Batting: RHB Yoshihiro Iwasaki 0-0: Called Strike
0-1: Ball
1-1: Fly out, F8 (Flyball, 8LD)
Batting: LHB DeMarvion Overshown 0-0: Called Strike
0-1: Ball
1-1: Ball
2-1: Ball
3-1: Base on Balls
Batting: RHB Tae-gyoon Ch'oe 0-0: Ball
1-0: Ball
Wild Pitch!
DeMarvion Overshown to second
2-0: Called Strike
2-1: Foul Ball, location: 2F
2-2: SINGLE (Line Drive, 6D)
DeMarvion Overshown to third
Batting: SHB Jeff Lowe 0-0: Ball
1-0: Foul Ball, location: 2F
1-1: Swinging Strike
1-2: Foul Ball, location: 2F
1-2: Ball
2-2: Fly out, F7 (Flyball, 78M)
Top of the 4th over - 0 runs, 1 hit, 0 errors, 2 left on base; Asheville 0 - Salem 2
BOTTOM OF THE 4TH
Salem Misfits batting - Pitching for Asheville Highlanders : RHP Jacob Petithomme
Batting: RHB Nelson Rivera 0-0: Ball
1-0: Hit by Pitch
Batting: RHB Damon Newbold 0-0: Ball
1-0: Ball
2-0: Foul Ball, location: 2F
2-1: Called Strike
2-2: Foul Ball, location: 2F
2-2: Ball
3-2: Foul Ball, location: 2F
3-2: Strikes out looking
Batting: RHB Atanza Vongor 0-0: TRIPLE (Flyball, 8LXD)
Nelson Rivera scores
Batting: SHB Soren Loen 0-0: Foul Ball, location: 2F
0-1: Ball
1-1: Ball
2-1: SINGLE (Line Drive, 6MD)
Atanza Vongor scores
Batting: RHB Mariano Saelices 0-0: Foul Ball, location: 2F
0-1: Foul Ball, location: 2F
0-2: Ball
1-2: Fly out, F8 (Flyball, 89S)
Batting: LHB Gary Malone 0-0: Called Strike
0-1: Foul Ball, location: 2F
0-2: Ball
1-2: SINGLE (Line Drive, 6)
Soren Loen to second
Batting: LHB Bill Gracián 0-0: DOUBLE (Flyball, 8RD)
Soren Loen scores
Gary Malone to third
Batting: RHB Charles Basle 0-0: Called Strike
0-1: Ball
1-1: Ball
2-1: Swinging Strike
2-2: Ball
3-2: Strikes out looking
Bottom of the 4th over - 3 runs, 4 hits, 0 errors, 2 left on base; Asheville 0 - Salem 5
TOP OF THE 5TH
Asheville Highlanders batting - Pitching for Salem Misfits : RHP Dusty Fox
Batting: RHB Jason Alston 0-0: Ball
1-0: Ball
2-0: Ground out 5-3 (Groundball, 56S)
Batting: LHB Luis Serrano 0-0: Fly out, F7 (Flyball, 7)
Batting: RHB Harley Whitfield 0-0: Ball
1-0: Fly out, F3 (Popup, 3SF)
Top of the 5th over - 0 runs, 0 hits, 0 errors, 0 left on base; Asheville 0 - Salem 5
BOTTOM OF THE 5TH
Salem Misfits batting - Pitching for Asheville Highlanders : RHP Jacob Petithomme
Batting: RHB Jean Couturier 0-0: SINGLE (Flyball, 9S)
Batting: RHB Nelson Rivera 0-0: Called Strike
0-1: Called Strike
0-2: Ball
1-2: Foul Ball, location: 2F
1-2: Ball
2-2: SINGLE (Groundball, 34D)
Jean Couturier to second
Runner from 2nd tries for 3rd, SAFE, no throw
Batting: RHB Damon Newbold 0-0: Ball
1-0: Fielders Choice at 2nd, 6-4 (Groundball, 6)
Jean Couturier scores
Batting: RHB Atanza Vongor 0-0: Ball
1-0: Fly out, F2 (Popup, 2RF)
Batting: SHB Soren Loen 0-0: Ground out U3 (Groundball, 34)
Bottom of the 5th over - 1 run, 2 hits, 0 errors, 1 left on base; Asheville 0 - Salem 6
TOP OF THE 6TH
Asheville Highlanders batting - Pitching for Salem Misfits : RHP Dusty Fox
Batting: RHB Javier Cordero 0-0: Called Strike
0-1: Ball
1-1: Fly out, F9 (Flyball, 9S)
Batting: LHB Edgar Castaneda 0-0: Ball
1-0: SINGLE (Groundball, 34D)
Batting: RHB Yoshihiro Iwasaki 0-0: Swinging Strike
0-1: Ball
1-1: Grounds into double play, 6-4-3 (Groundball, 6)
Top of the 6th over - 0 runs, 1 hit, 0 errors, 0 left on base; Asheville 0 - Salem 6
BOTTOM OF THE 6TH
Salem Misfits batting - Pitching for Asheville Highlanders : RHP Jacob Petithomme
Pitching: LHP Moses Keijzer
Batting: RHB Mariano Saelices 0-0: Called Strike
0-1: Ground out 6-3 (Groundball, 6M)
Batting: LHB Gary Malone 0-0: Ball
1-0: Foul Ball, location: 2F
1-1: Swinging Strike
1-2: Strikes out looking
Batting: LHB Bill Gracián 0-0: Ball
1-0: Foul Ball, location: 2F
1-1: Fly out, F8 (Flyball, 8RXD)
Bottom of the 6th over - 0 runs, 0 hits, 0 errors, 0 left on base; Asheville 0 - Salem 6
TOP OF THE 7TH
Asheville Highlanders batting - Pitching for Salem Misfits : RHP Dusty Fox
Batting: LHB DeMarvion Overshown 0-0: SINGLE (Groundball, 34D)
Batting: RHB Tae-gyoon Ch'oe 0-0: Ball
1-0: Called Strike
1-1: Ball
2-1: Foul Ball, location: 2F
2-2: Grounds into double play, 6-4-3 (Groundball, 6)
Batting: SHB Jeff Lowe 0-0: Fly out, F8 (Flyball, 8RM)
Top of the 7th over - 0 runs, 1 hit, 0 errors, 0 left on base; Asheville 0 - Salem 6
BOTTOM OF THE 7TH
Salem Misfits batting - Pitching for Asheville Highlanders : LHP Moses Keijzer
Batting: RHB Charles Basle 0-0: Ball
1-0: Called Strike
1-1: Called Strike
1-2: Foul Ball, location: 2F
1-2: DOUBLE (Line Drive, 89XD)
Batting: RHB Jean Couturier 0-0: Called Strike
0-1: Ball
1-1: Ground out 5-3 (Groundball, 56)
Batting: RHB Nelson Rivera 0-0: SINGLE (Line Drive, 4MD)
Charles Basle to third
Runner from 3rd tries for Home, SAFE, no throw
Batting: RHB Damon Newbold 0-0: Called Strike
Nelson Rivera steals 2nd base
0-1: 2-RUN HOME RUN (Flyball, 8LXD), Distance : 437 ft
Batting: RHB Atanza Vongor 0-0: Called Strike
0-1: Ball
1-1: Called Strike
1-2: Ball
2-2: SINGLE (Groundball, 4MD)
Batting: SHB Soren Loen 0-0: Called Strike
0-1: SINGLE (Flyball, 9S)
Atanza Vongor to second
Runner from 2nd tries for 3rd, SAFE, no throw
Batting: RHB Mariano Saelices 0-0: Ball
Soren Loen steals 2nd base
1-0: Swinging Strike
1-1: 3-RUN HOME RUN (Flyball, 9D), Distance : 389 ft
Batting: LHB Gary Malone 0-0: Fly out, F4 (Popup, 34S)
Batting: LHB Bill Gracián 0-0: Called Strike
0-1: Called Strike
0-2: Ball
1-2: Foul Ball, location: 2F
1-2: Strikes out looking
Bottom of the 7th over - 6 runs, 6 hits, 0 errors, 0 left on base; Asheville 0 - Salem 12
TOP OF THE 8TH
Asheville Highlanders batting - Pitching for Salem Misfits : RHP Dusty Fox
Now at 1B: Pedro Reyes
Pinch Hitting: RHB José Lorenzo 0-0: Fly out, F9 (Flyball, 9)
Batting: LHB Luis Serrano 0-0: Swinging Strike
0-1: Ball
1-1: Ground out 3-1 (Groundball, 34S)
Batting: RHB Harley Whitfield 0-0: Called Strike
0-1: Fly out, F4 (Popup, 4MD)
Top of the 8th over - 0 runs, 0 hits, 0 errors, 0 left on base; Asheville 0 - Salem 12
BOTTOM OF THE 8TH
Salem Misfits batting - Pitching for Asheville Highlanders : LHP Moses Keijzer
Now at 3B: José Segura
Pinch Hitting: LHB Donatas Montiejunas 0-0: Called Strike
0-1: Ball
1-1: Foul Ball, location: 2F
1-2: Ball
2-2: Strikes out swinging
Batting: RHB Jean Couturier 0-0: Ball
1-0: Ball
2-0: Ball
3-0: Base on Balls
Batting: RHB Nelson Rivera 0-0: Called Strike
0-1: Called Strike
0-2: Ball
1-2: Foul Ball, location: 2F
1-2: Ball
2-2: Ball
3-2: Foul Ball, location: 2F
3-2: Grounds into double play, 6-4-3 (Groundball, 6)
Bottom of the 8th over - 0 runs, 0 hits, 0 errors, 0 left on base; Asheville 0 - Salem 12
TOP OF THE 9TH
Asheville Highlanders batting - Pitching for Salem Misfits : RHP Dusty Fox
Now at 3B: Lu Tsai
Now in LF: Donatas Montiejunas
Batting: RHB Javier Cordero 0-0: Called Strike
0-1: TRIPLE (Flyball, 78XD)
Batting: LHB Edgar Castaneda 0-0: Called Strike
0-1: Ground out U3 (Groundball, 3)
Batting: RHB Yoshihiro Iwasaki 0-0: Called Strike
0-1: SINGLE (Groundball, 56D)
Javier Cordero scores
Batting: LHB DeMarvion Overshown 0-0: Ball
1-0: Foul Ball, location: 2F
1-1: Called Strike
1-2: Ball
2-2: Ball
3-2: Base on Balls
Yoshihiro Iwasaki to second
Batting: RHB Tae-gyoon Ch'oe 0-0: Called Strike
0-1: Ball
1-1: Foul Ball, location: 2F
1-2: Strikes out looking
Batting: SHB Jeff Lowe 0-0: Ball
1-0: Ball
2-0: Foul Ball, location: 2F
2-1: Swinging Strike
2-2: Fielders Choice at 2nd, 6-4 (Groundball, 6)
Top of the 9th over - 1 run, 2 hits, 0 errors, 2 left on base; Asheville 1 - Salem 12
Friday, March 29th, 2019 - OOTP Baseball 18.8 Build 76